 Dungeon Crawl Stone Soup version 0.28-a0-932-g843f935a50 (webtiles) character file.

Game seed: 16830862442457654481

125 GenialerGandalf the Shield-Bearer (level 5, -2/36 HPs)
             Began as an Octopode Fighter on Nov 27, 2021.
             Engulfed by a cloud of steam (12 damage)
             ... on level 2 of the Dungeon.
             The game lasted 00:04:01 (1755 turns).

GenialerGandalf the Shield-Bearer (OpFi)            Turns: 1755, Time: 00:04:01

Health: -2/36      AC:  5    Str: 17    XL:     5   Next: 9%
Magic:  5/5        EV: 13    Int: 10    God:
Gold:   70         SH:  4    Dex: 11    Spells: 4/4 levels left

rFire   . . .      SeeInvis +   a - +0 trident
rCold   . . .      Faith    .   b - +0 buckler
rNeg    . . .      Spirit   .   (helmet restricted)
rPois   .          Reflect  .   (no amulet)
rElec   .          Harm     .   e - +4 ring of protection
rCorr   .          Rampage  .   d - ring of see invisible
Will    .....                   (no ring)
Stlth   ++++......              (no ring)
HPRegen 0.12/turn               (no ring)
MPRegen 0.09/turn               (no ring)
                                (no ring)
                                (no ring)

@: no status effects
A: almost no armour, amphibious, 8 rings, camouflage 1, gelatinous body 1,
nimble swimmer 1, tentacles
a: no special abilities


You were on level 2 of the Dungeon.
You visited 1 branch of the dungeon, and saw 2 of its levels.

You collected 70 gold pieces.

Inventory:

Hand Weapons
 a - a +0 trident (weapon)
Armour
 b - a +0 buckler (worn)
Jewellery
 d - a ring of see invisible (right tentacle)
 e - a +4 ring of protection (left tentacle)
Scrolls
 g - a scroll of fog
 i - 2 scrolls of amnesia {unknown}
Potions
 c - a potion of might
 f - a potion of berserk rage
 h - a potion of curing {unknown}


   Skills:
 + Level 3.3 Fighting
 * Level 3.4 Polearms
 + Level 3.2 Dodging
 * Level 3.4 Stealth
 * Level 3.5 Shields


You had 4 spell levels left.
You didn't know any spells.
Your spell library was empty.

Dungeon Overview and Level Annotations

Branches:
Dungeon (2/15)

Altars:
Nemelex Xobeh

Shops:
D:1 [


Innate Abilities, Weirdness & Mutations

You cannot wear most types of armour.
You are amphibious.
You can wear up to eight rings at the same time.
Your skin changes colour to match your surroundings (Stealth+).
Your rubbery body absorbs attacks. (AC +1, EV +1)
You are camouflaged near water. (Stealth+)
You have tentacles for arms and can constrict up to eight enemies at once.


Message History

Jessica is nearby!
Jessica is nearby!
Jessica is nearby!
Found 5 large rocks.
Jessica says, "Why did you come here?"
Found a stone staircase leading down.
Jessica gestures at you while chanting. Pain shoots through your body!
You reach to attack!
You closely miss Jessica. You barely miss Jessica. Your grab misses Jessica.
You squeeze Jessica.
Jessica is heavily wounded.
Jessica misses you.
You hit Jessica. Your grab misses Jessica. Your squeeze misses Jessica.
Jessica is severely wounded.
Jessica mumbles some strange words.
Jessica seems to speed up.
You hit Jessica. You grab Jessica. You squeeze Jessica, but do no damage.
Jessica is almost dead.
You constrict Jessica.
You kill Jessica!
You have reached level 5!
You feel stronger.
Things that are here:
a +0 dagger; a +0 robe
Things that are here:
a +0 dagger; a +0 robe
There is an open door here.
There is an open door here.
Done exploring.
Done exploring.
You are engulfed in a cloud of scalding steam.
Why would you want to do that?
You are engulfed in a cloud of scalding steam.
You are engulfed in a cloud of scalding steam.
You are engulfed in a cloud of scalding steam.
You start resting.
You are engulfed in a cloud of scalding steam.
* * * LOW HITPOINT WARNING * * *
You are engulfed in a cloud of scalding steam.
You die...

##♣≈≈≈#####.#######.####.
###.P.'......#######.# #.
#.....#..######....#.####.
#.#........####.#.....#...
#.....≈≈≈....##.#..####.#.
#....≈≈≈≈≈...##.#.....#.##
#######≈#######(#.###...).
#≈≈## #.#.##...#.# ###@#
#.#.##.#.#.# ##§#
#...##.#.#.# ###§##
######<#.#.# #§§§§##
###.#.. ##§§§§# #....
#§§### ##### ####


There were no monsters in sight!

Vanquished Creatures
  A hound (D:2)
  Jessica (D:2)
  2 adders (D:2)
  3 dart slugs
  4 ball pythons
  5 endoplasms
  2 giant cockroaches
  6 goblins
  3 hobgoblins (D:1)
  A quokka (D:1)
  4 bats
  3 frilled lizards (D:1)
  6 kobolds
  4 rats
45 creatures vanquished.

Notes
Turn   | Place    | Note
-------+----------+-------------------------------------------
     0 | D:1      | GenialerGandalf the Octopode Fighter began the quest for
                  | the Orb.
     0 | D:1      | Reached XP level 1. HP: 16/16 MP: 1/1
    76 | D:1      | Found Naecodit's Armour Emporium.
   145 | D:1      | Reached XP level 2. HP: 21/21 MP: 2/2
   334 | D:1      | Reached skill level 1 in Stealth
   629 | D:1      | Reached XP level 3. HP: 5/26 MP: 3/3
  1244 | D:2      | Found a sparkling altar of Nemelex Xobeh.
  1263 | D:2      | Reached XP level 4. HP: 31/31 MP: 4/4
  1580 | D:2      | Noticed Jessica
  1588 | D:2      | Killed Jessica
  1589 | D:2      | Reached XP level 5. HP: 25/36 MP: 5/5
  1755 | D:2      | Engulfed by a cloud of steam

Illustrated notes

Levels and vault maps discovered:
D:1:      dpeg_arrival_round_c, layout_loops_ring, serial_shops,
          nicolae_lakefront_shop, st_stairs_2
D:2:      layout_basic, basic_altar, serial_bayou_pond_d, lemuel_another_geyser,
          uniq_jessica

Skill      XL: |  1  2  3  4 |
---------------+-------------+-----
Stealth        | 1 2 3 |  3.4
Polearms       | 3 |  3.4
Fighting       | |  3.3
Dodging        | |  3.2
Shields        | |  3.5

Action                   |  1- 3 |  4- 6 || total
-------------------------+-------+-------++-------
Melee: Trident           |    73 |    17 ||    90
       Tentacles         |    10 |     3 ||    13
       Constrict         |    12 |     2 ||    14
  Use: Scroll            |     2 |       ||     2
 Stab: Sleeping          |     9 |     6 ||    15
Armor: Skin              |     4 |       ||     4
Dodge: Dodged            |    20 |     6 ||    26
Block: Buckler           |     9 |     2 ||    11

Table legend: (Time is in decaauts)
 A = Elapsed time spent in this place.
 B = Non-inter-level travel time spent in this place.
 C = Inter-level travel time spent in this place.
 D = Time resting spent in this place.
 E = Time spent auto-exploring this place.
 F = Levels seen in this place.
 G = Mean time per level.
                   A        B        C        D        E       F      G
               +--------+--------+--------+--------+--------+-----+--------+
         Total |   1770 |   1753 |     17 |    216 |   1176 |   2 |  885.0 |
       Dungeon |   1770 |   1753 |     17 |    216 |   1176 |   2 |  885.0 |
               +--------+--------+--------+--------+--------+-----+--------+

Top non-repeatable levels by time:
     D:1: 1014 daAuts
     D:2: 755 daAuts
